 Dungeon Crawl Stone Soup version 0.29.1-15-g9cfb28693d (webtiles) character file.

Game seed: 8966354644237365831

103211 leetdood the Severer (level 15, -7/141 (145) HPs)
             Began as a Minotaur Fighter on Mar 12, 2023.
             Was a High Priest of Okawaru.
             Mangled by a +0 long sword of holy wrath (8 damage)
             ... on level 7 of the Abyss.
             The game lasted 01:47:08 (24076 turns).

leetdood the Severer (Minotaur Fighter)            Turns: 24076, Time: 01:47:09

HP:   -7/141 (145)  AC: 29    Str: 38      XL:     15   Next: 88%
MP:   15/20         EV: 10    Int:  3 (5)  God:    Okawaru [*****.]
Gold: 1720          SH: 25    Dex:  9      Spells: 14/14 levels left

rFire   . . .      SeeInvis .   x - +1 broad axe "Beast's Bane" {pain, Str+3}
rCold   . . .      Faith    .   p - +0 tower shield
rNeg    . . .      Spirit   .   a - +0 plate armour
rPois   .          Reflect  +   h - +2 hat
rElec   .          Harm     .   L - +0 cloak
rCorr   .          Rampage  .   E - +2 pair of gloves
Will    ++...                   U - +0 pair of boots {Stlth+}
Stlth   ..........              X - amulet of reflection
HPRegen 0.00/turn               g - +6 ring of strength
MPRegen 0.17/turn               O - ring of willpower

@: heroic, finesse-ful, sick, glowing, lightly drained
A: horns 2, retaliatory headbutt
a: Renounce Religion, Heroism, Finesse, Duel


You were on level 7 of the Abyss.
You worshipped Okawaru.
Okawaru was extremely pleased with you.
You visited 3 branches of the dungeon, and saw 21 of its levels.
You visited the Abyss 2 times.

You collected 1819 gold pieces.
You spent 99 gold pieces at shops.

Inventory:

Hand Weapons
 r - a +0 war axe of flaming
 x - the +1 broad axe "Beast's Bane" (weapon) {pain, Str+3}
   (Okawaru gifted it to you on level 5 of the Lair of Beasts)

   In the hands of one skilled in necromantic magic, it inflicts extra damage on
   living creatures.
   Str:       It affects your strength (+3).
Missiles
 c - a silver javelin
 v - 2 curare-tipped darts (quivered)
 Y - 2 javelins
Armour
 a - a +0 plate armour (worn)
 e - the +0 pair of gloves of Byamom {Drain rPois rC- rN+++}
   (Okawaru gifted it to you on level 15 of the Dungeon)

   rC:        It makes you vulnerable to cold.
   rPois:     It protects you from poison.
   rN:        It renders you almost immune to negative energy.
   Drain:     It drains your maximum health when unequipped.
 h - a +2 hat (worn)
 p - a +0 tower shield (worn)
 E - a +2 pair of gloves (worn)
 L - a +0 cloak (worn)
 U - a +0 pair of boots of stealth (worn)
Jewellery
 b - a ring of see invisible
 g - a +6 ring of strength (left hand)
 n - a +6 ring of strength
 s - a ring of fire
 J - a ring of ice
 O - a ring of willpower (right hand)
 R - a ring of positive energy
 S - a +4 ring of protection
 V - a ring of resist corrosion
 W - a ring of flight
 X - an amulet of reflection (around neck)
Wands
 A - a wand of polymorph (11)
 B - a wand of digging (1)
 H - a wand of flame (34)
 Q - a wand of paralysis (3)
 T - a wand of light (3)
Scrolls
 d - 3 scrolls of butterflies {unknown}
 f - 6 scrolls of teleportation
 k - 2 scrolls of enchant armour
 m - 2 scrolls of enchant weapon
 q - a scroll of torment {unknown}
 u - a scroll of silence {unknown}
 y - 3 scrolls of fear
 C - a scroll of amnesia {unknown}
 D - a scroll of summoning {unknown}
 G - 3 scrolls of poison {unknown}
 N - 2 scrolls of brand weapon {unknown}
 Z - 3 scrolls of magic mapping
Potions
 i - 3 potions of brilliance
 j - 8 potions of ambrosia
 l - 4 potions of haste
 o - 3 potions of cancellation
 t - 8 potions of flight
 F - 3 potions of magic
 K - a potion of berserk rage
 M - a potion of might
 P - 3 potions of resistance


   Skills:
 + Level 16.4(21.4) Fighting
 - Level 18.0(23.0) Axes
 + Level 16.3(21.3) Armour
 + Level 16.3(21.3) Shields
 + Level 9.2 Invocations


You had 14 spell levels left.
You didn't know any spells.
Your spell library contained the following spells:

 Spells                   Type           Power      Damage    Failure   Level
 Blink                    Tloc           0%         N/A       99%         2
 Poisonous Vapours        Pois/Air       0%         N/A       99%         2
 Static Discharge         Conj/Air       0%         3-3/arc   99%         2
 Sublimation of Blood     Necr           0%         N/A       99%         2
 Dazzling Flash           Conj/Hex       0%         N/A       100%        3
 Portal Projectile        Hex/Tloc       0%         N/A       100%        3
 Airstrike                Air            0%         2d(0-16)  100%        4
 Corpse Rot               Necr/Pois/Air  0%         N/A       100%        4
 Dispel Undead            Necr           0%         3d6       100%        4
 Iskenderun's Mystic Bla  Conj/Tloc      0%         2d3       100%        4
 Petrify                  Tmut/Erth      0%         N/A       100%        4
 Sticky Flame             Conj/Fire      0%         2d3       100%        4
 Blade Hands              Tmut           0%         N/A       100%        5
 Freezing Cloud           Conj/Ice/Air   0%         6-21      100%        5
 Irradiate                Conj/Tmut      0%         3d11      100%        5
 Lightning Bolt           Conj/Air       0%         1d11      100%        5
 Manifold Assault         Tloc           0%         N/A       100%        5
 Eringya's Noxious Bog    Tmut/Pois      0%         N/A       100%        6
 Starburst                Conj/Fire      0%         6d3       100%        6
 Orb of Destruction       Conj           0%         9d5       100%        7
 Storm Form               Tmut/Air       0%         N/A       100%        7
 Polar Vortex             Ice            0%         N/A       100%        9
 Summon Guardian Golem    Hex/Summ       Unusable   N/A       N/A         3
 Tukima's Dance           Hex            Unusable   N/A       N/A         3
 Summon Lightning Spire   Summ/Air       Unusable   N/A       N/A         4
 Summon Forest            Summ/Tloc      Unusable   N/A       N/A         5
 Death Channel            Necr           Unusable   N/A       N/A         6
 Simulacrum               Ice/Necr       Unusable   N/A       N/A         6
 Spellforged Servitor     Conj/Summ      Unusable   N/A       N/A         7
 Summon Hydra             Summ           Unusable   N/A       N/A         7

Dungeon Overview and Level Annotations

Branches:
Dungeon (15/15)            Temple (1/1) D:7            Lair (5/5) D:9
  Swamp (0/4) Lair:2       Spider (0/4) Lair:2        Slime (0/5) Lair:4
    Orc (0/2) D:10         Vaults (0/5) D:14         Depths (0/4) D:15

Altars:
Ashenzari
Cheibriados
Dithmenos
Elyvilon
Fedhas
Gozag
Hepliaklqana
Kikubaaqudgha
Makhleb
Nemelex Xobeh
Okawaru
Qazlal
Ru
Sif Muna
Trog
Uskayaw
Vehumet
Wu Jian
Xom
Yredelemnul
Zin
The Shining One
Jiyva

Shops:
D:4 *   D:5 (   D:9 [   D:13 *


Innate Abilities, Weirdness & Mutations

You have a pair of horns on your head.
You reflexively headbutt those who attack you in melee.


Message History

The thrashing horror tramples you but does no damage. x4
You slice the thrashing horror!!
You destroy the thrashing horror!
Okawaru accepts your kill.
You hit the thrashing horror. You slash the thrashing horror!
You slash the spatial maelstrom! You slice the thrashing horror!!
You destroy the thrashing horror!
Okawaru accepts your kill.
You hit the thrashing horror but do no damage.
You hit the thrashing horror.
You block the thrashing horror's attack. x2
The thrashing horror tramples you but does no damage.
The thrashing horror barely misses you.
You block the spatial maelstrom's attack.
The spatial maelstrom hits you but does no damage.
The thrashing horror tramples you.
* * * LOW HITPOINT WARNING * * *
You hold your ground!
The thrashing horror barely misses you.
You block the thrashing horror's attack.
The thrashing horror tramples you.
* * * LOW HITPOINT WARNING * * *
You hold your ground!
The thrashing horror attacks as you move away!
The thrashing horror tramples you but does no damage.
You block the thrashing horror's attack.
You block the tormentor's attack. The tormentor hits you.
* * * LOW HITPOINT WARNING * * *
You writhe in agony.
* * * LOW HITPOINT WARNING * * *
The thrashing horror tramples you but does no damage.
You block the thrashing horror's attack.
You block the spatial vortex's attack.
The spatial maelstrom barely misses you.
You furiously retaliate!
You headbutt the spatial maelstrom!
You destroy the spatial maelstrom!
Okawaru accepts your kill.
The thrashing horror tramples you but does no damage.
You block the thrashing horror's attack.
The +0 long sword of holy wrath hits you!
You die...

.# #. # # #. #.#
.##. # .# . . ...
~#♣.~~~. #.##♣.##
~~~≈~
.#§.§3~X####~v~~~#
#§~§§XXXX2xL.X#♣
≈~~~~XX.@(Xvh.~##...
.....XX#vφvAv.... .#
..~...###C#.#v...##.
§X~~.. X#vX..v..#
§#.#3( .X ..#. #v#
#.§. ..v#.#.....
§.§* v....##..#.
..##X # ..# .
##⌠tX##..# #


You could see a juggernaut, 3 tentacled starspawn, a lich (invisible), a cherub,
a hell hog, 9 spatial vortices, an ancient zyme, 12 thrashing horrors, a smoke
demon, a tormentor and a +0 long sword of holy wrath.

Vanquished Creatures
  A lich (Abyss:4)
  Jorgrun (D:14)
  A deep elf blademaster (Abyss:4)
  A tentacled starspawn (Abyss:4)
  Agnes (D:14)
  A stone giant (D:15)
  Nessos (D:15)
  A very ugly thing (Abyss:4)
  Josephine (Lair:4)
  A great orb of eyes (Abyss:4)
  3 boulder beetles
  4 catoblepae
  2 vault guards (D:14)
  2 ogre magi
  3 hydras
  4 two-headed ogres
  4 centaur warriors
  A satyr (Abyss:4)
  14 death yaks
  4 tengu warriors
  A sun demon (Abyss:4)
  8 thrashing horrors
  2 spatial maelstroms (Abyss:7)
  A fire crab (Lair:5)
  2 bog bodies (Lair:2)
  A spriggan simulacrum (Abyss:4)
  3 wizards (D:14)
  Pikel (D:7)
  2 deep elf pyromancers
  2 necromancers (D:14)
  2 deep elf zephyrmancers (D:14)
  2 orc sorcerers (D:14)
  4 cyclopes
  7 ugly things
  3 manticores
  4 worldbinders
  2 black mambas
  An apocalypse crab (Abyss:4)
  2 smoke demons (Abyss:4)
  A water nymph (Abyss:4)
  9 elephants
  A gargoyle (D:10)
  11 cane toads
  A freezing wraith (D:15)
  2 unseen horrors
  4 kobold demonologists (D:14)
  A rime drake (Lair:4)
  4 komodo dragons
  3 tengu conjurers
  An ancient zyme (Abyss:4)
  2 queen bees
  4 polar bears
  A meliai (D:8)
  7 trolls
  3 hornets (Lair:4)
  4 raiju (Abyss:3)
  8 blink frogs
  9 slime creatures
  4 wraiths
  2 shadows (D:11)
  A water elemental (D:15)
  12 spriggans (Lair:4)
  3 vampires
  3 wyverns
  19 humans (D:14)
  47 yaks
  2 basilisks
  Grum (D:9)
  2 small abominations (Abyss:4)
  6 vampire mosquitoes (D:12)
  3 neqoxecs
  3 acid dragons
  24 water moccasins
  2 sky beasts (D:7)
  A floating eye (D:14)
  17 orc warriors
  A swamp drake (D:10)
  A black bear (D:6)
  A meliai simulacrum (D:14)
  A large abomination (D:14)
  3 ice beasts
  8 ogres
  15 wolves
  8 boggarts
  3 centaurs
  A lemure (D:7)
  2 phantoms (D:5)
  2 kobold brigands (D:8)
  9 bullfrogs
  2 necrophages
  4 scorpions
  A gnoll sergeant (D:7)
  A wight (D:8)
  32 killer bees
  11 howler monkeys
  10 orc priests
  3 hounds
  3 jellies
  6 gnoll boudas
  An iguana (D:5)
  Ijyb (D:4)
  18 orc wizards
  35 gnolls
  6 adders
  2 white imps
  An ufetubus (D:5)
  5 worms
  A dart slug (D:1)
  58 orcs
  4 endoplasms
  3 giant cockroaches
  4 goblins
  11 hobgoblins
  5 jackals
  5 quokkas
  7 ball pythons
  6 bats
  A frilled lizard (D:3)
  12 kobolds
  5 rats
648 creatures vanquished.

Vanquished Creatures (others)
  2 yaks (Lair:5)
  A golden eye (Abyss:4)
  A large abomination (Abyss:4)
  A boggart (D:14)
  An orc wizard (D:9)
  23 fungi
  44 plants
  8 starspawn tentacles
81 creatures vanquished.

Grand Total: 729 creatures vanquished

Notes
Turn   | Place    | Note
-------+----------+-------------------------------------------
     0 | D:1      | leetdood the Minotaur Fighter began the quest for the Orb.
     0 | D:1      | Reached XP level 1. HP: 19/19 MP: 0/0
    78 | D:1      | Reached XP level 2. HP: 23/27 MP: 1/1
   562 | D:1      | Reached skill level 3 in Axes
   849 | D:1      | Reached XP level 3. HP: 33/33 MP: 2/2
  1476 | D:2      | You fall into a shaft and drop 2 floors!
  1679 | D:2      | Reached XP level 4. HP: 38/40 MP: 3/3
  1913 | D:2      | Reached skill level 4 in Axes
  2505 | D:3      | Reached XP level 5. HP: 47/47 MP: 4/4
  3049 | D:4      | Found Koast's Assorted Antiques.
  3081 | D:4      | Reached skill level 5 in Fighting
  3081 | D:4      | Reached skill level 5 in Axes
  3081 | D:4      | Reached skill level 5 in Armour
  3081 | D:4      | Reached XP level 6. HP: 53/56 MP: 5/5
  3084 | D:4      | Reached skill level 5 in Shields
  3214 | D:4      | Noticed Ijyb
  3229 | D:4      | Killed Ijyb
  3574 | D:5      | Entered Level 5 of the Dungeon
  3709 | D:5      | Reached XP level 7. HP: 56/61 MP: 6/6
  3772 | D:5      | Reached skill level 6 in Axes
  4315 | D:5      | Reached skill level 7 in Axes
  4336 | D:5      | Reached XP level 8. HP: 53/70 MP: 7/7
  4558 | D:5      | Found Navo's Weapon Boutique.
  4563 | D:5      | Bought a +0 war axe of flaming for 99 gold pieces
  4922 | D:6      | Reached skill level 8 in Axes
  5369 | D:6      | Found an ornate altar of the Wu Jian Council.
  5388 | D:6      | Reached skill level 9 in Axes
  5681 | D:7      | Reached XP level 9. HP: 79/79 MP: 8/8
  5938 | D:7      | Noticed Pikel
  5953 | D:7      | Killed Pikel
  5954 | D:7      | Reached skill level 10 in Axes
  6192 | D:7      | Reached skill level 10 in Fighting
  6192 | D:7      | Reached skill level 12 in Axes
  6192 | D:7      | Reached skill level 10 in Armour
  6192 | D:7      | Reached skill level 10 in Shields
  6192 | D:7      | Reached XP level 10. HP: 93/93 MP: 9/9
  6324 | D:7      | Found a staircase to the Ecumenical Temple.
  6330 | Temple   | Entered the Ecumenical Temple
  6452 | Temple   | Became a worshipper of Warmaster Okawaru
  6957 | D:8      | Noticed a boulder beetle
  6985 | D:8      | Reached * piety under Okawaru
  6993 | D:8      | Killed a boulder beetle
  6994 | D:8      | Reached XP level 11. HP: 48/101 MP: 10/10
  7005 | D:8      | Reached ** piety under Okawaru
  7319 | D:8      | Found a shadowy altar of Dithmenos.
  7322 | D:8      | Found an opulent altar of Gozag.
  7326 | D:8      | Found a burning altar of Makhleb.
  7549 | D:8      | Found a radiant altar of Vehumet.
  8088 | D:9      | Found a staircase to the Lair.
  8129 | D:9      | Noticed a two-headed ogre
  8137 | D:9      | Killed a two-headed ogre
  8138 | D:9      | Reached skill level 13 in Axes
  8138 | D:9      | Reached skill level 1 in Invocations
  8550 | D:9      | Found Bemoqa's Armour Shop.
  8575 | D:9      | Noticed Grum
  8588 | D:9      | Killed Grum
  8920 | Lair:1   | Entered Level 1 of the Lair of Beasts
  9022 | Lair:1   | Reached *** piety under Okawaru
  9572 | Lair:1   | Reached **** piety under Okawaru
  9600 | Lair:1   | Reached skill level 14 in Axes
 10213 | Lair:2   | Found a staircase to the Swamp.
 10214 | Lair:2   | Noticed a bog body
 10214 | Lair:2   | Noticed a bog body
 10249 | Lair:2   | Killed a bog body
 10251 | Lair:2   | Killed a bog body
 10252 | Lair:2   | Reached XP level 12. HP: 57/110 MP: 6/13
 10733 | Lair:2   | Found a hole to the Spider Nest.
 11959 | Lair:3   | Reached ***** piety under Okawaru
 12496 | Lair:4   | Noticed Josephine
 12496 | Lair:4   | Noticed a death yak
 12496 | Lair:4   | Noticed a death yak
 12496 | Lair:4   | Noticed a death yak
 12496 | Lair:4   | Noticed a death yak
 12496 | Lair:4   | Noticed a four-headed hydra
 12497 | Lair:4   | Noticed a death yak
 12497 | Lair:4   | Noticed a death yak
 12571 | Lair:4   | Noticed a five-headed hydra
 12574 | Lair:4   | Reached skill level 15 in Axes
 12585 | Lair:4   | Killed a two-headed hydra
 12687 | Lair:4   | Reached skill level 5 in Invocations
 12876 | Lair:4   | Killed a death yak
 12887 | Lair:4   | Killed a death yak
 12887 | Lair:4   | Received a gift from Okawaru
 12893 | Lair:4   | Killed a death yak
 12902 | Lair:4   | Killed a death yak
 12910 | Lair:4   | Killed a death yak
 12921 | Lair:4   | Killed a death yak
 12922 | Lair:4   | Reached XP level 13. HP: 73/119 MP: 9/15
 13170 | Lair:4   | Found a staircase to the Slime Pits.
 13170 | Lair:4   | Found a viscous altar of Jiyva.
 13195 | Lair:4   | Killed Josephine
 13195 | Lair:4   | Received a gift from Okawaru
 13208 | Lair:4   | Reached skill level 16 in Axes
 14216 | Lair:4   | Received a gift from Okawaru
 14578 | Lair:5   | Entered Level 5 of the Lair of Beasts
 14882 | Lair:5   | Identified the +1 broad axe "Beast's Bane" {pain, Str+3}
                  | (Okawaru gifted it to you on level 5 of the Lair of Beasts)
 14882 | Lair:5   | Received a gift from Okawaru
 14884 | Lair:5   | Reached skill level 17 in Axes
 15284 | Lair:5   | Reached ****** piety under Okawaru
 15461 | Lair:5   | Received a gift from Okawaru
 15665 | Lair:5   | Reached XP level 14. HP: 129/130 MP: 16/16
 15697 | Lair:5   | Identified the +0 pair of gloves "Qeidaluoll" {rC+ Int+3}
                  | (Okawaru gifted it to you on level 5 of the Lair of Beasts)
 15697 | Lair:5   | Received a gift from Okawaru
 16570 | D:10     | Entered Level 10 of the Dungeon
 16899 | D:10     | Found a staircase to the Orcish Mines.
 17194 | D:10     | Reached skill level 18 in Axes
 19449 | D:13     | Found Getsous's CLEARANCE SALE!.
 19461 | D:13     | Received a gift from Okawaru
 20422 | D:14     | Noticed Agnes
 20428 | D:14     | Killed Agnes
 20697 | D:14     | Noticed Jorgrun
 20720 | D:14     | Killed Jorgrun
 20721 | D:14     | Reached skill level 15 in Fighting
 20910 | D:14     | Identified the +3 helmet of Fun and Games {rF+ Int+2}
 21031 | D:14     | Reached skill level 15 in Armour
 21151 | D:14     | Found a shimmering blue altar of Sif Muna.
 21155 | D:14     | Found a transporter.
 21176 | D:14     | Received a gift from Okawaru
 21178 | D:14     | Paralysed by a floating eye for 3 turns
 21181 | Abyss:3  | Cast into level 3 of the Abyss (a wizard)
 21308 | Abyss:3  | Reached skill level 15 in Shields
 21378 | Abyss:4  | Noticed a lich
 21391 | Abyss:4  | Killed a lich
 21393 | Abyss:4  | Reached XP level 15. HP: 81/141 MP: 12/19
 21508 | Abyss:4  | Noticed a tentacled starspawn
 21521 | Abyss:4  | Killed a tentacled starspawn
 21542 | D:14     | Escaped the Abyss
 21543 | D:14     | Identified the amulet of the Magpie {Acrobat rPois rC+
                  | Int+5 Dex-5}
 21544 | D:14     | Paralysed by a floating eye for 2 turns
 21548 | D:14     | HP: 1/141 [orc sorcerer/bolt of fire (28)]
 21961 | D:15     | Entered Level 15 of the Dungeon
 21988 | D:15     | Identified the +0 pair of gloves of Byamom {Drain rPois rC-
                  | rN+++} (Okawaru gifted it to you on level 15 of the
                  | Dungeon)
 21988 | D:15     | Received a gift from Okawaru
 22070 | D:15     | Found a shadowy altar of Dithmenos.
 22138 | D:15     | Found a staircase to the Depths.
 22391 | D:15     | Noticed Nessos
 22409 | D:15     | Killed Nessos
 23374 | D:14     | Found a gate to the Vaults.
 23853 | D:14     | Paralysed by an orc sorcerer for 3 turns
 23903 | Abyss:4  | Cast into level 4 of the Abyss (a wizard)
 23911 | Abyss:4  | Noticed a deep elf blademaster
 23955 | Abyss:4  | Killed a deep elf blademaster
 23998 | Abyss:5  | Noticed an Executioner
 24029 | Abyss:6  | Noticed a bone dragon
 24031 | Abyss:7  | Entered Level 7 of the Abyss
 24035 | Abyss:7  | Noticed a tentacled starspawn
 24048 | Abyss:7  | Noticed a shadow dragon
 24048 | Abyss:7  | Noticed a tentacled starspawn
 24051 | Abyss:7  | Noticed a tentacled starspawn
 24053 | Abyss:7  | Noticed a tentacled starspawn
 24064 | Abyss:7  | Noticed a lich
 24070 | Abyss:7  | Noticed a tentacled starspawn
 24071 | Abyss:7  | Noticed a juggernaut
 24071 | Abyss:7  | Identified the +0 buckler of Terror {rElec Regen+ Str+2}
 24073 | Abyss:7  | Noticed a tentacled starspawn
 24073 | Abyss:7  | Noticed a tentacled starspawn
 24075 | Abyss:7  | HP: 6/139 [thrashing horror (4)]
 24076 | Abyss:7  | HP: 1/141 [tormentor (2)]
 24076 | Abyss:7  | Mangled by a +0 long sword of holy wrath

Illustrated notes

Levels and vault maps discovered:
D:1:      nzn_arrival_crosshair, layout_basic
D:2:      layout_loops_ring, hangedman_decor_points, minmay_cupped
D:3:      layout_basic
D:4:      layout_basic, serial_shops, nicolae_shop_waterfront, uniq_ijyb
D:5:      layout_loops_ring, serial_shops, nicolae_shop_hallway_plus,
          minmay_misc_feat_secret_circle, sigmund_army
D:6:      layout_basic, mainiacjoe_overflow_catwalk
D:7:      layout_loops_ring, minmay_temple_entry_proselytizer, uniq_pikel
D:8:      nzn_winding_woodlands_cross [nzn_winding_woodlands_5x15_parted,
          nzn_winding_woodlands_5x15_sidewinder,
          nzn_winding_woodlands_5x15_jagged, nzn_winding_woodlands_5x15_garden,
          nzn_winding_woodlands_15x15_killbox], layout_loops_ring,
          grunt_temple_overflow_diamond, lemuel_doored_altar, chequers_avenue,
          chequers_decorated_corner
D:9:      layout_loops_ring, david_lair_shrubbed, serial_shops, shop,
          hex_medium, chequers_serial_rivers_small_a, uniq_grum
D:10:     layout_roguey [special_room_bee], erik_orc_1
D:11:     layout_roguey, kennysheep_generic_room_10
D:12:     layout_roguey
D:13:     layout_roguey [special_room_orc], abandoned_shop,
          nicolae_shop_clearance
D:14:     gammafunk_sealed_library, layout_cross, grunt_vaults_entry_tiered,
          uniq_jorgrun, uniq_agnes
D:15:     grunt_enter_depths_snipers, layout_basic, serial_park_square1
          [serial_park_minivault_5x5_4], hive_lemuel, uniq_nessos
Temple:   minmay_temple_bridge_d
Lair:1:   layout_chaotic_city, grunt_megastairs_3
Lair:2:   layout_loops_ring, skrybe_swamp_entry_bodies,
          nicolae_spider_entry_orb_guardian
Lair:3:   layout_hall_layers
Lair:4:   kb_forest_paths, layout_misc_corridors, slime_entry_1,
          serial_bayou_shore_a, uniq_josephine
Lair:5:   evilmike_catoblepas_cave, layout_long_grid, minmay_stone_trees_small,
          chequers_serial_rivers_large_b, st_stairs_11, grunt_megastairs_2
Abyss:7:  base: D:13, spicy_abyss_planar_alliance,
          evilmike_abyss_rune_tso_outpost, evilmike_abyss_exit_8,
          hangedman_elemental_corridor, evilmike_abyss_rune_tso_outpost,
          evilmike_abyss_exit_5

Skill      XL: |  1  2  3  4  5  6  7  8  9 10 11 12 13 14 15 |
---------------+----------------------------------------------+-----
Fighting       | 4 5 6 7 10 11 12 13 15 16 | 16.4
Axes           | 3 4 5 7 9 12 14 15 17 18 | 18.0
Shields        | 4 5 6 7 10 11 12 13 15 16 | 16.3
Armour         | 4 5 6 7 10 11 12 13 15 16 | 16.3
Invocations    | 3 5 7 9 |  9.2

Action                   |  1- 3 |  4- 6 |  7- 9 | 10-12 | 13-15 || total
-------------------------+-------+-------+-------+-------+-------++-------
Melee: War axe           |    86 |   111 |   182 |   413 |   176 ||   968
       Headbutt          |    16 |    16 |    32 |   100 |   242 ||   406
       Broad axe         |       |       |       |    43 |   917 ||   960
Invok: Heroism           |       |       |       |     9 |    19 ||    28
       Finesse           |       |       |       |     4 |    19 ||    23
Evoke: Wand              |       |       |       |       |     2 ||     2
  Use: Scroll            |       |     7 |     5 |     3 |    16 ||    31
       Potion            |       |       |     3 |     4 |    17 ||    24
 Stab: Petrified         |       |       |       |       |     8 ||     8
       Petrifying        |       |       |       |       |     1 ||     1
       Confused          |       |       |       |       |     1 ||     1
Armor: Scale mail        |    39 |    38 |    34 |       |       ||   111
       Plate armour      |       |       |    24 |   136 |   493 ||   653
Dodge: Dodged            |    42 |    58 |    97 |   113 |   177 ||   487
Block: Buckler           |    17 |    18 |    39 |    82 |    32 ||   188
       Tower shield      |       |       |       |       |  1078 ||  1078
       Reflection        |       |       |       |       |    39 ||    39
